 Dungeon Crawl Stone Soup version 0.29.1-13-g9f3cf754e1 (webtiles) character file.

Game seed: 10204359705143580887

154 KittyFluff the Cudgeller (level 5, -2/33 HPs)
             Began as a Gargoyle Berserker on Feb 5, 2023.
             Was a Priest of Trog.
             Slain by a hell rat (13 damage)
             ... in a sewer.
             The game lasted 00:09:42 (2130 turns).

KittyFluff the Cudgeller (Gargoyle Berserker)       Turns: 2130, Time: 00:09:43

Health: -2/33      AC:  7    Str: 23    XL:     5   Next: 35%
Magic:  5/5        EV: 16    Int:  7    God:    Trog [***...]
Gold:   56         SH:  0    Dex: 15    Spells: 4/4 levels left

rFire   . . .      SeeInvis .   a - +0 mace
rCold   . . .      Faith    .   (no shield)
rNeg    + . .      Spirit   .   b - +0 animal skin
rPois   ∞          Reflect  .   s - +0 helmet
rElec   +          Harm     .   o - scarf {shadows}
rCorr   .          Rampage  .   (no gloves)
Will    .....                   (no boots)
Stlth   ++........              (no amulet)
HPRegen 0.11/turn               g - +6 ring of dexterity
MPRegen 0.09/turn               i - +4 ring of evasion

@: no status effects
A: sickness immunity, AC +4, negative energy resistance 1, electricity
resistance, torment resistance 1, petrification resistance
a: Renounce Religion, Berserk, Trog's Hand


You were in a sewer.
You worshipped Trog.
Trog was most pleased with you.
You visited 1 branch of the dungeon, and saw 3 of its levels.
You also visited: Sewer.

You collected 56 gold pieces.

Inventory:

Hand Weapons
 a - a +0 mace (weapon)
 q - a +0 sling
Missiles
 c - 34 stones (quivered)
 r - 6 javelins
Armour
 b - a +0 animal skin (worn)
 n - a +0 ring mail
 o - a scarf of shadows (worn)
 s - a +0 helmet (worn)
Jewellery
 g - a +6 ring of dexterity (left hand)
 i - a +4 ring of evasion (right hand)
 k - a ring of willpower
Scrolls
 d - a scroll of magic mapping {unknown}
 f - a scroll of teleportation {unknown}
 h - a scroll of amnesia {unknown}
 j - 2 scrolls of poison
 v - a scroll of enchant armour {unknown}
Potions
 e - a potion of magic {unknown}
 l - a potion of haste {unknown}
 m - 2 potions of heal wounds {unknown}
 p - a potion of attraction {unknown}
 t - 2 potions of might {unknown}
 u - a potion of curing {unknown}


   Skills:
 + Level 4.2 Fighting
 + Level 4.5 Maces & Flails
 * Level 3.2 Armour
 + Level 2.0 Dodging
 + Level 0.7 Stealth


You had 4 spell levels left.
You didn't know any spells.
Your spell library was empty.

Dungeon Overview and Level Annotations

Branches:
Dungeon (3/15)              Sewer (1/1)

Altars:

Shops:
D:1 *   D:2 !


Innate Abilities, Weirdness & Mutations

You are immune to sickness and miasma.
Your stone body is resilient. (AC +4)
You are immune to poison.
You resist negative energy. (rN+)
You are resistant to electric shocks. (rElec)
You are resistant to unholy torment.
You are immune to petrification.


Message History

Found a gate leading back out of this place.
There is an open door here.
Throw: 36 stones
Press: ? - help, Q - select action, (/) - cycle Shift-Dir - straight line, f - hell rat
Aim: a hell rat (asleep, 98% to hit)
You throw a stone.
The stone hits the hell rat but does no damage.
The hell rat roars deafeningly!
Throw: 35 stones
Press: ? - help, Q - select action, (/) - cycle Shift-Dir - straight line, f/p - hell rat
Aim: a hell rat (60% to hit)
You throw a stone. The stone barely misses the hell rat.
You closely miss the hell rat.
The hell rat splashes around in the water.
You hit the hell rat.
The hell rat is moderately wounded.
The hell rat completely misses you.
You hit the hell rat.
The hell rat is heavily wounded.
The hell rat splashes around in the water.
You closely miss the hell rat.
The hell rat is heavily wounded.
The hell rat closely misses you. x2
You hit the hell rat.
The hell rat is heavily wounded.
The hell rat bites you!
You hit the hell rat but do no damage.
The hell rat is heavily wounded.
The hell rat closely misses you. The hell rat bites you!
You barely miss the hell rat.
The hell rat is heavily wounded.
The hell rat splashes around in the water.
You closely miss the hell rat.
The hell rat is heavily wounded.
The hell rat closely misses you.
You closely miss the hell rat.
The hell rat is heavily wounded.
The hell rat splashes around in the water.
The hell rat bites you!
You die...

#########
###~~...~.###
###.††.~.~...~###
#.~~.~##@##~~..~#
##...###~r~###~..##
#~..##.~~~~~.##~.~#
#..~#~~.~~~~~.#~~.#
#.~.##~$!?!?.##~~.#
##~..###!∩?###.~†##
#.~~~.#####~~~.~#
###.†~.~∩~~~..###
###...∩~~.##


You could see a hell rat.

Vanquished Creatures
  An orc wizard (D:3)
  5 adders
  A river rat (Sewer)
  A worm (D:3)
  4 orcs (D:3)
  5 endoplasms
  2 giant cockroaches (D:2)
  5 goblins
  8 hobgoblins
  6 kobolds
  2 quokkas (D:3)
  7 ball pythons
  3 bats
  A frilled lizard (D:3)
  19 rats
70 creatures vanquished.

Notes
Turn   | Place    | Note
-------+----------+-------------------------------------------
     0 | D:1      | KittyFluff the Gargoyle Berserker began the quest for the
                  | Orb.
     0 | D:1      | Reached XP level 1. HP: 14/14 MP: 1/1
   148 | D:1      | Found a faded altar of an unknown god.
   328 | D:1      | Reached XP level 2. HP: 17/19 MP: 2/2
   496 | D:1      | Found Zid Sor's General Store.
   919 | D:2      | Reached ** piety under Trog
   920 | D:2      | Reached XP level 3. HP: 21/24 MP: 3/3
  1234 | D:2      | Found Zirauf's Distillery.
  1355 | D:2      | Reached XP level 4. HP: 27/29 MP: 4/4
  1741 | D:3      | Reached *** piety under Trog
  1823 | D:3      | Reached XP level 5. HP: 12/33 MP: 5/5
  1986 | D:3      | Found a glowing drain.
  2032 | Sewer    | Entered a sewer
  2130 | Sewer    | Slain by a hell rat

Illustrated notes

Levels and vault maps discovered:
D:1:      dpeg_arrival_rhombi, layout_loops_ring,
          shapermc_ecumenical_altar_petra, serial_shops,
          nicolae_shop_temple_entry_statues_fountains
D:2:      layout_loops_cross, serial_shops, nicolae_shop_hallway_stairs,
          grunt_ministairs_2, st_stairs_5
D:3:      layout_basic, cheibrodos_sewer_entry_bend,
          chequers_serial_rivers_micro_e, minmay_diced_spiral
Sewer:    sewer_hellmonk_bad_rat

Skill      XL: |  1  2  3  4 |
---------------+-------------+-----
Fighting       | 4 |  4.2
Dodging        | 2 |  2.0
Maces & Flails | 4 |  4.5
Armour         | 3 |  3.2
Stealth        | |  0.7

Action                   |  1- 3 |  4- 6 || total
-------------------------+-------+-------++-------
Melee: Mace              |    81 |   125 ||   206
       Punch             |       |     2 ||     2
Throw: Stone             |       |     2 ||     2
  Use: Scroll            |       |     1 ||     1
 Stab: Sleeping          |     1 |     1 ||     2
Armor: Animal skin       |    15 |    29 ||    44
Dodge: Dodged            |    58 |    83 ||   141
